 Dungeon Sprint DCSS version 0.31.0-32-g396128a36d (webtiles) character file.

Game seed: 16267950147588094748

492 Heoruswealwe the Spear-Bearer (level 6, -1/66 HPs)
             Began as a Minotaur Fighter on Mar 15, 2024.
             Was an Initiate of Gozag.
             Slain by a yak (7 damage)
             ... in the Dungeon (Sprint IX: "|||||||||||||||||||||||||||||").
             The game lasted 00:02:14 (151 turns).

Heoruswealwe the Spear-Bearer (Minotaur Fighter)     Turns: 151, Time: 00:02:17

Health: -1/66      AC: 13    Str: 23    XL:     6   Next: 91%
Magic:  5/5        EV: 10    Int:  5    God:    Gozag
Gold:   0          SH:  0    Dex:  9    Spells: 5/5 levels left

rFire   . . .        b - +2 halberd (vamp)
rCold   . . .        (shield currently unavailable)
rNeg    . . .        c - +1 chain mail
rPois   .            (helmet restricted)
rElec   .            h - +0 cloak
rCorr   .            (no gloves)
SInv    .            (no boots)
Will    .....        (no amulet) Stlth
                     k - +2 ring of evasion
HPRegen 0.31/turn    (no ring)
MPRegen 0.09/turn

%: no teleportation
@: gold aura, slowed, very slow
A: horns 2, retaliatory headbutt
a: Renounce Religion, Potion Petition, Call Merchant, Bribe Branch


You were in the Dungeon.
You worshipped Gozag.
Gozag was noncommittal.
You visited 1 branch

Inventory:

Hand Weapons
 a - a +0 trident
 b - a +2 vampiric halberd (weapon)
Armour
 c - a +1 chain mail (worn)
 d - a +0 buckler
 h - a +0 cloak (worn)
Jewellery
 k - a +2 ring of evasion (left hand)
Wands
 l - a wand of iceblast (10)
Scrolls
 j - 2 scrolls of blinking
Potions
 f - a potion of heal wounds
 g - a potion of haste
 i - a potion of berserk rage
 m - a potion of might


   Skills:
 + Level 9.6 Fighting
 * Level 12.6 Polearms
 + Level 9.6 Armour
 - Level 3.6 Shields


You had 5 spell levels left.
You didn't know any spells.
Your spell library was empty.

Dungeon Overview and Level Annotations

Branches:
Dungeon (1/1)

Altars:
Cheibriados
Dithmenos
Elyvilon
Fedhas
Gozag
Hepliaklqana
Kikubaaqudgha
Makhleb
Nemelex Xobeh
Okawaru
Qazlal
Ru
Sif Muna
Trog
Uskayaw
Vehumet
Wu Jian
Xom
Yredelemnul
Zin
The Shining One
Jiyva
Lugonu


Innate Abilities, Weirdness & Mutations

You have a pair of horns on your head.
You reflexively headbutt those who attack you in melee.


Message History

You hit the hornet.
You feel better.
The hornet is severely wounded.
An orc wizard appears from thin air!
Reactivating autopickup.
The hornet stings you but does no damage.
The hornet barely misses you.
You barely miss the hornet.
You headbutt the hornet, but do no damage.
The hornet is severely wounded.
The hornet stings you!
You feel as though you will be slow longer.
The hornet stings you.
You are poisoned.
You suddenly lose the ability to move!
You can move again.
You feel better.
The hornet stings you but does no damage.
The hornet stings you!
You feel as though you will be slow longer.
You puncture the hornet!
You kill the hornet!
The yak is distracted by your dazzling golden aura.
Your Fighting skill increases to level 9!
Your Polearms skill increases to level 12!
Your Armour skill increases to level 9!
You barely miss the yak.
The yak is no longer distracted by gold.
The yak bellows!
The yak gores you.
You barely miss the yak. You headbutt the yak!
The yak is moderately wounded.
The yak gores you!
* * * LOW HITPOINT WARNING * * *
You slash the yak!
The yak is heavily wounded.
The yak gores you.
* * * LOW HITPOINT WARNING * * *
The yak gores you!
You die...
Your body crumbles into a pile of gold. ▓▓▓▓▓▓▓▓▓▓▓▓▓▓▓▓▓▓▓▓▓▓▓▓ ...ooTY@..[=[)?!'_______ ▓▓▓▓▓▓▓▓▓▓▓▓▓▓▓▓▓▓▓▓▓▓▓▓

You could see a yak, a troll, an orc priest and an orc wizard.

Vanquished Creatures
  2 hornets (D)
  A bombardier beetle (D)
  2 jellies (D)
  An orc (D)
  An endoplasm (D)
  A kobold (D)
  3 quokkas (D)
  A frilled lizard (D)
12 creatures vanquished.

Notes
Turn   | Place    | Note
-------+----------+-------------------------------------------
     0 | D        | Heoruswealwe the Minotaur Fighter began the quest for the
                  | Orb.
     0 | D        | Reached XP level 1. HP: 19/19 MP: 0/0
     5 | D        | Reached skill level 3 in Polearms
    15 | D        | Noticed a bombardier beetle
    15 | D        | Noticed a jelly
    15 | D        | Noticed a jelly
    18 | D        | Killed a jelly
    19 | D        | Reached skill level 5 in Fighting
    19 | D        | Reached skill level 5 in Polearms
    19 | D        | Reached skill level 5 in Armour
    19 | D        | Reached XP level 2. HP: 18/29 MP: 1/1
    19 | D        | Reached XP level 3. HP: 22/36 MP: 2/2
    22 | D        | Reached skill level 6 in Polearms
    23 | D        | Reached skill level 7 in Polearms
    28 | D        | Reached XP level 4. HP: 25/44 MP: 3/3
    30 | D        | Reached skill level 8 in Polearms
    37 | D        | Found a snail-covered altar of Cheibriados.
    37 | D        | Found a shadowy altar of Dithmenos.
    37 | D        | Found a white marble altar of Elyvilon.
    37 | D        | Found a blossoming altar of Fedhas.
    37 | D        | Found an opulent altar of Gozag.
    38 | D        | Found a hazy altar of Hepliaklqana.
    39 | D        | Found a viscous altar of Jiyva.
    40 | D        | Found an ancient bone altar of Kikubaaqudgha.
    41 | D        | Found a corrupted altar of Lugonu.
    42 | D        | Found a burning altar of Makhleb.
    43 | D        | Found a sparkling altar of Nemelex Xobeh.
    44 | D        | Found an iron altar of Okawaru.
    45 | D        | Became a worshipper of Gozag Ym Sagoz the Greedy
    46 | D        | Found a stormy altar of Qazlal.
    47 | D        | Found a sacrificial altar of Ru.
    48 | D        | Found a shimmering blue altar of Sif Muna.
    49 | D        | Found a bloodstained altar of Trog.
    50 | D        | Found a hide-covered altar of Uskayaw.
    51 | D        | Found a radiant altar of Vehumet.
    52 | D        | Found an ornate altar of the Wu Jian Council.
    53 | D        | Found a shimmering altar of Xom.
    54 | D        | Found a basalt altar of Yredelemnul.
    55 | D        | Found a glowing silver altar of Zin.
    56 | D        | Found a glowing golden altar of the Shining One.
   117 | D        | Noticed a troll
   117 | D        | Noticed a yak
   117 | D        | Noticed a hornet
   117 | D        | Noticed a hornet
   122 | D        | Paralysed by a hornet for 1 turns
   125 | D        | Killed a hornet
   126 | D        | Reached skill level 11 in Polearms
   126 | D        | Reached XP level 5. HP: 32/56 MP: 4/4
   126 | D        | Reached XP level 6. HP: 36/62 MP: 5/5
   135 | D        | Paralysed by a hornet for 3 turns
   140 | D        | Paralysed by a hornet for 3 turns
   146 | D        | Paralysed by a hornet for 1 turns
   148 | D        | Killed a hornet
   149 | D        | Reached skill level 12 in Polearms
   151 | D        | Slain by a yak

Illustrated notes

Levels and vault maps discovered:
D:        linesprint [early_d, line_temple, items_1, d_10, items_2, lair_1,
          lair_end, items_3, orc_1, orc_end, items_4, d_15, swamp_1, shoals_1,
          snake_1, spider_1, d_20, vaults_1, items_5, swamp_end, shoals_end,
          snake_end, spider_end, vaults_end, d_27, items_6, zot_1, zot_end,
          crypt_end, forest_end, elf_end, slime_end, tomb_end, abyss_end,
          pan_hell_end]

Skill      XL: |  1  2  3  4  5  6 |
---------------+-------------------+-----
Polearms       | 5 7 11 12 | 12.6
Fighting       | 5 8 9 |  9.6
Armour         | 5 8 9 |  9.6
Shields        | |  3.6

Action                     |  1- 3 |  4- 6 || total
---------------------------+-------+-------++-------
  Melee: Trident           |    17 |     1 ||    18
         Headbutt          |     3 |     5 ||     8
         Halberd           |       |    23 ||    23
    Use: Potion            |       |     7 ||     7
 Armour: Scale mail        |     5 |       ||     5
         Chain mail        |       |    46 ||    46
  Dodge: Dodged            |     7 |    20 ||    27
  Block: Buckler           |     3 |       ||     3
